General information
			
			
        
        - name: BNet
 
        - type: Ladder team game (AT/RT)
 
        - host: Battle.net
 
        - saver: sc2no_wc4yes
 
        
map: FullScaleAssault 
        - players: 8
 
        - length: 20:24
 
        - speed: Fast
 - version: 1.22 W3XP
 - replay type:  Public
 
» download(153 KB)
Players
        team 1 (winner) 
              
              
» 
sumtincool (
orange | 85 APM | 1740 actions | 20:21)
              
 5 Death Knight 
 3 Death Coil
 2 Unholy Aura
 3 Dreadlord 
 2 Sleep
 1 Vampiric Aura
 3 Crypt Lord 
 2 Impale
 1 Spiked Carapace
 
                » actions 
                
                | Assign group hotkey | 45 |  | 
| Build / train | 66 |  | 
| ESC pressed | 1 |  | 
| Enter build submenu | 21 |  | 
| Enter hero's abilities submenu | 11 |  | 
| Give item / drop item | 5 |  | 
| Right click | 756 |  | 
| Select / deselect | 217 |  | 
| Select group hotkey | 556 |  | 
| Use ability | 62 |  | 
                1740 total
 » units 
                
                | Acolyte | 9 |  | 
| Ghoul | 5 |  | 
| Crypt Fiend | 4 |  | 
| Frost Wyrm | 10 |  | 
                28 total
 » upgrades
                
                | Creature Attack | 3 |  | 
| Web | 1 |  | 
| Ghoul Frenzy | 1 |  | 
| Burrow | 1 |  | 
| Freezing Breath | 1 |  | 
| Creature Carapace | 3 |  | 
                10 total
 » buildings
                
                | Graveyard | 1 |  | 
| Crypt | 1 |  | 
| Ziggurat | 9 |  | 
| Altar of Darkness | 1 |  | 
| Halls of the Dead | 3 |  | 
| Tomb of Relics | 2 |  | 
| Black Citadel | 2 |  | 
| Sacrificial Pit | 1 |  | 
| Boneyard | 3 |  | 
| Spirit Tower | 1 |  | 
| Nerubian Tower | 3 |  | 
                27 total
 » build order
                00:03 Graveyard
00:07 Crypt
00:37 Ziggurat
00:56 Altar of Darkness
02:09 Halls of the Dead
02:09 Halls of the Dead
02:10 Halls of the Dead
02:28 Ziggurat
02:47 Tomb of Relics
05:08 Black Citadel
05:08 Black Citadel
06:06 Sacrificial Pit
06:15 Ziggurat
07:44 Boneyard
07:46 Boneyard
08:13 Boneyard
08:17 Ziggurat
08:24 Ziggurat
09:29 Ziggurat
09:33 Ziggurat
11:50 Ziggurat
11:51 Ziggurat
16:30 Spirit Tower
16:34 Nerubian Tower
17:30 Tomb of Relics
» items
                 
               
              
              
LOnk (
purple | 117 APM | 2389 actions | 20:21)
              
 5 Blademaster 
 3 Wind Walk
 2 Critical Strike
 3 Tauren Chieftain 
 1 Endurance Aura
 2 Shockwave
 
                » actions 
                
                | Assign group hotkey | 31 |  | 
| Basic commands | 6 |  | 
| Build / train | 76 |  | 
| ESC pressed | 8 |  | 
| Enter build submenu | 18 |  | 
| Enter hero's abilities submenu | 8 |  | 
| Give item / drop item | 6 |  | 
| Right click | 899 |  | 
| Select / deselect | 252 |  | 
| Select group hotkey | 979 |  | 
| Use ability | 106 |  | 
                2389 total
 » units 
                
                | Peon | 16 |  | 
| Grunt | 4 |  | 
| Raider | 1 |  | 
| Troll Batrider | 16 |  | 
| Shaman | 2 |  | 
                39 total
 » upgrades
                
                | Berserker Strength | 1 |  | 
| Ensnare | 1 |  | 
| Liquid Fire | 1 |  | 
| Shaman Training | 2 |  | 
| Melee Weapons | 1 |  | 
| Armor | 1 |  | 
| Ranged Weapons | 1 |  | 
                8 total
 » buildings
                
                | Altar of Storms | 1 |  | 
| Orc Burrow | 7 |  | 
| Barracks | 1 |  | 
| Voodoo Lounge | 1 |  | 
| Stronghold | 1 |  | 
| Beastiary | 2 |  | 
| Great Hall | 1 |  | 
| Fortress | 1 |  | 
| Spirit Lodge | 1 |  | 
| War Mill | 1 |  | 
| Tauren Totem | 1 |  | 
                18 total
 » build order
                00:09 Altar of Storms
00:19 Orc Burrow
00:37 Barracks
01:31 Orc Burrow
01:57 Voodoo Lounge
02:52 Stronghold
03:44 Orc Burrow
05:16 Beastiary
05:19 Beastiary
06:09 Great Hall
08:08 Orc Burrow
09:40 Fortress
10:26 Orc Burrow
10:28 Orc Burrow
10:44 Spirit Lodge
11:43 Orc Burrow
11:45 War Mill
15:56 Tauren Totem
» items
                
                | Healing Salve | 2 |  | 
| Lesser Clarity Potion | 4 |  | 
| Scroll of Speed | 1 |  | 
| Boots of Speed | 1 |  | 
| Circlet of Nobility | 1 |  | 
| Potion of Lesser Invulnerability | 1 |  | 
| Staff of Teleportation | 1 |  | 
| Orb of Lightning | 1 |  | 
| Scroll of Town Portal | 2 |  | 
                14 total
  
               
              
              
DirtY.DirtY (
green | 34 APM | 685 actions | 20:21)
              
 3 Death Knight 
 1 Death Coil
 2 Unholy Aura
 2 Crypt Lord 
 1 Impale
 1 Spiked Carapace
 
                » actions 
                
                | Assign group hotkey | 18 |  | 
| Basic commands | 6 |  | 
| Build / train | 48 |  | 
| Enter build submenu | 21 |  | 
| Enter hero's abilities submenu | 5 |  | 
| Give item / drop item | 1 |  | 
| Right click | 225 |  | 
| Select / deselect | 222 |  | 
| Select group hotkey | 110 |  | 
| Use ability | 28 |  | 
                685 total
 » units 
                
                | Acolyte | 6 |  | 
| Ghoul | 3 |  | 
| Crypt Fiend | 8 |  | 
| Gargoyle | 13 |  | 
| Goblin Zeppelin | 1 |  | 
                31 total
 » upgrades
                
                | Creature Attack | 3 |  | 
| Web | 1 |  | 
| Creature Carapace | 1 |  | 
                5 total
 » buildings
                
                | Graveyard | 2 |  | 
| Crypt | 3 |  | 
| Altar of Darkness | 1 |  | 
| Ziggurat | 7 |  | 
| Tomb of Relics | 1 |  | 
| Spirit Tower | 1 |  | 
| Halls of the Dead | 1 |  | 
| Slaughterhouse | 1 |  | 
| Temple of the Damned | 1 |  | 
| Sacrificial Pit | 1 |  | 
| Black Citadel | 1 |  | 
| Necropolis | 1 |  | 
                21 total
 » build order
                00:16 Graveyard
00:25 Graveyard
00:36 Crypt
00:48 Altar of Darkness
01:05 Ziggurat
01:24 Tomb of Relics
01:31 Ziggurat
02:08 Spirit Tower
04:04 Ziggurat
04:46 Halls of the Dead
06:14 Ziggurat
07:27 Slaughterhouse
07:30 Temple of the Damned
07:36 Sacrificial Pit
08:39 Black Citadel
10:27 Ziggurat
10:29 Ziggurat
10:56 Crypt
11:00 Crypt
15:05 Ziggurat
19:57 Necropolis
» items
                
                | Rod of Necromancy | 1 |  | 
| Circlet of Nobility | 1 |  | 
                2 total
  
               
              
              
sc2no_wc4yes (
teal | 54 APM | 1107 actions | 20:24)
              
 4 Paladin 
 2 Holy Light
 2 Divine Shield
 
                » actions 
                
                | Assign group hotkey | 48 |  | 
| Basic commands | 22 |  | 
| Build / train | 102 |  | 
| ESC pressed | 1 |  | 
| Enter build submenu | 79 |  | 
| Enter hero's abilities submenu | 4 |  | 
| Give item / drop item | 3 |  | 
| Right click | 275 |  | 
| Select / deselect | 226 |  | 
| Select group hotkey | 158 |  | 
| Use ability | 189 |  | 
                1107 total
 » units 
                
                | Peasant | 27 |  | 
| Goblin Shredder | 3 |  | 
                30 total
 » upgrades
                » buildings
                
                | Altar of Kings | 1 |  | 
| Farm | 4 |  | 
| Lumber Mill | 1 |  | 
| Scout Tower | 129 |  | 
| Guard Tower | 54 |  | 
| Keep | 1 |  | 
| Town Hall | 2 |  | 
| Castle | 1 |  | 
| Arcane Sanctum | 2 |  | 
                195 total
 » build order
                00:14 Altar of Kings
00:16 Farm
00:20 Lumber Mill
01:13 Farm
02:12 Scout Tower
02:14 Scout Tower
02:21 Farm
02:30 Scout Tower
02:31 Scout Tower
02:36 Scout Tower
02:42 Guard Tower
02:43 Guard Tower
02:45 Scout Tower
02:47 Scout Tower
03:03 Guard Tower
03:07 Scout Tower
03:15 Guard Tower
03:25 Scout Tower
03:29 Guard Tower
03:36 Guard Tower
03:44 Scout Tower
03:46 Scout Tower
03:51 Scout Tower
03:53 Guard Tower
04:06 Guard Tower
04:09 Scout Tower
04:15 Guard Tower
04:23 Scout Tower
04:26 Scout Tower
04:27 Guard Tower
04:35 Scout Tower
04:37 Guard Tower
04:39 Guard Tower
04:46 Guard Tower
04:54 Guard Tower
05:08 Guard Tower
05:11 Scout Tower
05:14 Scout Tower
05:37 Scout Tower
05:38 Keep
05:44 Scout Tower
05:51 Guard Tower
06:06 Guard Tower
06:07 Scout Tower
06:11 Scout Tower
06:11 Scout Tower
06:23 Scout Tower
06:25 Scout Tower
06:26 Guard Tower
06:41 Guard Tower
06:59 Town Hall
07:05 Guard Tower
07:39 Guard Tower
07:43 Scout Tower
07:45 Scout Tower
07:47 Scout Tower
07:48 Guard Tower
07:51 Scout Tower
08:21 Guard Tower
08:25 Guard Tower
08:27 Scout Tower
08:28 Scout Tower
09:20 Guard Tower
09:23 Scout Tower
09:24 Scout Tower
09:27 Scout Tower
09:29 Guard Tower
09:32 Scout Tower
09:33 Scout Tower
09:33 Scout Tower
09:50 Castle
09:57 Guard Tower
10:30 Guard Tower
10:33 Scout Tower
10:34 Scout Tower
10:35 Scout Tower
10:36 Scout Tower
10:37 Scout Tower
10:38 Scout Tower
10:39 Guard Tower
10:52 Scout Tower
10:53 Scout Tower
10:55 Scout Tower
10:55 Scout Tower
10:56 Scout Tower
10:57 Scout Tower
10:58 Scout Tower
10:59 Scout Tower
11:35 Guard Tower
11:43 Scout Tower
11:44 Scout Tower
11:46 Scout Tower
11:47 Scout Tower
11:48 Scout Tower
11:50 Scout Tower
11:51 Scout Tower
11:54 Scout Tower
11:55 Scout Tower
11:55 Scout Tower
11:58 Scout Tower
11:59 Scout Tower
11:59 Scout Tower
12:00 Scout Tower
12:00 Scout Tower
12:01 Scout Tower
12:04 Scout Tower
12:05 Scout Tower
12:11 Town Hall
12:12 Guard Tower
12:12 Guard Tower
12:44 Guard Tower
12:49 Guard Tower
12:52 Scout Tower
12:53 Scout Tower
12:54 Scout Tower
12:54 Scout Tower
12:59 Farm
13:02 Scout Tower
13:03 Scout Tower
13:04 Scout Tower
13:05 Scout Tower
13:05 Scout Tower
13:07 Guard Tower
13:19 Guard Tower
14:16 Guard Tower
14:25 Arcane Sanctum
14:27 Guard Tower
14:30 Scout Tower
14:31 Scout Tower
14:31 Scout Tower
14:32 Scout Tower
14:33 Scout Tower
14:33 Scout Tower
14:34 Scout Tower
14:34 Scout Tower
14:54 Guard Tower
15:20 Guard Tower
15:21 Scout Tower
15:25 Guard Tower
15:29 Scout Tower
15:30 Scout Tower
15:31 Scout Tower
15:32 Scout Tower
15:32 Scout Tower
15:33 Scout Tower
15:33 Scout Tower
15:39 Guard Tower
15:46 Scout Tower
15:47 Scout Tower
15:48 Scout Tower
15:48 Scout Tower
15:48 Scout Tower
15:49 Scout Tower
15:49 Scout Tower
16:01 Arcane Sanctum
16:22 Guard Tower
16:25 Guard Tower
16:26 Scout Tower
16:27 Scout Tower
16:28 Scout Tower
16:31 Guard Tower
16:40 Guard Tower
16:43 Scout Tower
16:44 Scout Tower
16:45 Scout Tower
16:46 Scout Tower
16:48 Guard Tower
16:51 Guard Tower
17:52 Scout Tower
17:53 Scout Tower
17:54 Scout Tower
17:54 Scout Tower
17:56 Scout Tower
17:57 Scout Tower
17:57 Scout Tower
17:58 Scout Tower
17:58 Scout Tower
18:01 Guard Tower
18:04 Scout Tower
18:05 Scout Tower
18:06 Scout Tower
18:06 Scout Tower
18:14 Guard Tower
18:15 Scout Tower
18:16 Scout Tower
18:17 Scout Tower
18:17 Scout Tower
18:49 Guard Tower
19:00 Guard Tower
19:08 Guard Tower
20:15 Guard Tower
» items
                
                | Staff of Teleportation | 1 |  | 
| Potion of Invisibility | 2 |  | 
| Potion of Lesser Invulnerability | 1 |  | 
| Lesser Clarity Potion | 2 |  | 
| Healing Salve | 1 |  | 
                7 total
  
               team 2 (loser) 
              
              
» 
Hokori (
yellow | 60 APM | 529 actions | 08:50)
              
 2 Pit Lord 
 1 Rain of Fire
 1 Cleaving Attack
 1 Death Knight 
 1 Death Coil
 
                » actions 
                
                | Assign group hotkey | 6 |  | 
| Basic commands | 67 |  | 
| Build / train | 24 |  | 
| Enter build submenu | 9 |  | 
| Enter hero's abilities submenu | 3 |  | 
| Give item / drop item | 1 |  | 
| Right click | 203 |  | 
| Select / deselect | 69 |  | 
| Select group hotkey | 131 |  | 
| Use ability | 16 |  | 
                529 total
 » units 
                
                | Acolyte | 7 |  | 
| Ghoul | 3 |  | 
| Crypt Fiend | 5 |  | 
                15 total
 » upgrades
                
                | Creature Attack | 1 |  | 
| Creature Carapace | 1 |  | 
                2 total
 » buildings
                
                | Crypt | 1 |  | 
| Ziggurat | 3 |  | 
| Altar of Darkness | 1 |  | 
| Graveyard | 1 |  | 
| Halls of the Dead | 1 |  | 
| Tomb of Relics | 1 |  | 
| Slaughterhouse | 1 |  | 
                9 total
 » build order
                00:27 Crypt
00:28 Ziggurat
01:08 Altar of Darkness
01:25 Ziggurat
02:00 Graveyard
02:50 Halls of the Dead
03:53 Ziggurat
03:55 Tomb of Relics
05:52 Slaughterhouse
» items
                 
               
              
              
» 
DUKE-OF-D00M (
pink | 75 APM | 1521 actions | 20:17)
              
 4 Death Knight 
 2 Death Coil
 2 Unholy Aura
 2 Lich 
 1 Frost Nova
 1 Frost Armor
 
                » actions 
                
                | Assign group hotkey | 26 |  | 
| Basic commands | 31 |  | 
| Build / train | 62 |  | 
| ESC pressed | 3 |  | 
| Enter build submenu | 36 |  | 
| Enter hero's abilities submenu | 6 |  | 
| Give item / drop item | 3 |  | 
| Right click | 503 |  | 
| Select / deselect | 375 |  | 
| Select group hotkey | 393 |  | 
| Use ability | 83 |  | 
                1521 total
 » units 
                
                | Acolyte | 19 |  | 
| Ghoul | 5 |  | 
| Crypt Fiend | 4 |  | 
| Obsidian Statue | 4 |  | 
| Frost Wyrm | 5 |  | 
                37 total
 » upgrades
                
                | Creature Attack | 2 |  | 
| Web | 1 |  | 
| Burrow | 1 |  | 
| Destroyer Form | 1 |  | 
| Creature Carapace | 3 |  | 
| Freezing Breath | 1 |  | 
                9 total
 » buildings
                
                | Graveyard | 1 |  | 
| Crypt | 1 |  | 
| Ziggurat | 11 |  | 
| Altar of Darkness | 1 |  | 
| Tomb of Relics | 1 |  | 
| Halls of the Dead | 1 |  | 
| Slaughterhouse | 1 |  | 
| Black Citadel | 1 |  | 
| Sacrificial Pit | 1 |  | 
| Boneyard | 2 |  | 
| Nerubian Tower | 1 |  | 
| Spirit Tower | 2 |  | 
                24 total
 » build order
                00:07 Graveyard
00:09 Crypt
00:42 Ziggurat
00:59 Altar of Darkness
01:47 Tomb of Relics
02:22 Ziggurat
04:06 Halls of the Dead
04:22 Ziggurat
05:08 Ziggurat
05:10 Ziggurat
06:33 Slaughterhouse
07:47 Black Citadel
08:16 Sacrificial Pit
10:20 Boneyard
10:25 Boneyard
11:15 Nerubian Tower
12:44 Ziggurat
12:45 Ziggurat
12:46 Ziggurat
12:47 Ziggurat
13:16 Ziggurat
13:17 Ziggurat
14:20 Spirit Tower
15:03 Spirit Tower
» items
                
                | Rod of Necromancy | 2 |  | 
| Orb of Corruption | 1 |  | 
                3 total
  
               
              
              
smokedbyweed (
red | 59 APM | 1199 actions | 20:19)
              
 4 Death Knight 
 2 Death Coil
 1 Unholy Aura
 1 Death Pact
 2 Lich 
 1 Frost Nova
 1 Frost Armor
 
                » actions 
                
                | Assign group hotkey | 46 |  | 
| Basic commands | 156 |  | 
| Build / train | 104 |  | 
| ESC pressed | 1 |  | 
| Enter build submenu | 24 |  | 
| Enter hero's abilities submenu | 6 |  | 
| Remove unit from queue | 7 |  | 
| Right click | 357 |  | 
| Select / deselect | 196 |  | 
| Select group hotkey | 236 |  | 
| Use ability | 66 |  | 
                1199 total
 » units 
                
                | Acolyte | 18 |  | 
| Ghoul | 6 |  | 
| Crypt Fiend | 18 |  | 
| Frost Wyrm | 9 |  | 
                51 total
 » upgrades
                
                | Creature Attack | 4 |  | 
| Web | 1 |  | 
| Unholy Armor | -1 |  | 
| Unholy Strength | -1 |  | 
| Creature Carapace | 3 |  | 
                6 total
 » buildings
                
                | Graveyard | 1 |  | 
| Crypt | 1 |  | 
| Altar of Darkness | 1 |  | 
| Ziggurat | 12 |  | 
| Tomb of Relics | 1 |  | 
| Halls of the Dead | 1 |  | 
| Black Citadel | 12 |  | 
| Sacrificial Pit | 2 |  | 
| Slaughterhouse | 1 |  | 
| Boneyard | 5 |  | 
                37 total
 » build order
                00:08 Graveyard
00:12 Crypt
00:45 Altar of Darkness
01:00 Ziggurat
01:34 Tomb of Relics
02:07 Ziggurat
03:56 Halls of the Dead
04:50 Ziggurat
04:54 Ziggurat
08:00 Black Citadel
08:01 Black Citadel
08:01 Black Citadel
08:03 Sacrificial Pit
08:06 Ziggurat
10:40 Black Citadel
10:41 Black Citadel
10:41 Black Citadel
10:44 Slaughterhouse
10:56 Boneyard
10:57 Boneyard
11:29 Sacrificial Pit
11:45 Boneyard
11:49 Ziggurat
11:52 Ziggurat
14:01 Boneyard
14:04 Boneyard
14:05 Ziggurat
14:06 Ziggurat
14:07 Ziggurat
14:09 Ziggurat
14:30 Ziggurat
» items
                
                | Rod of Necromancy | 3 |  | 
| Dust of Appearance | 1 |  | 
                4 total
  
               
              
              
Dorian12 (
blue | 45 APM | 925 actions | 20:21)
              
 4 Dreadlord 
 2 Sleep
 2 Vampiric Aura
 2 Death Knight 
 1 Death Coil
 1 Unholy Aura
 1 Lich 
 1 Frost Nova
 
                » actions 
                
                | Assign group hotkey | 24 |  | 
| Basic commands | 117 |  | 
| Build / train | 76 |  | 
| Enter build submenu | 18 |  | 
| Enter hero's abilities submenu | 7 |  | 
| Give item / drop item | 2 |  | 
| Right click | 159 |  | 
| Select / deselect | 162 |  | 
| Select group hotkey | 314 |  | 
| Use ability | 46 |  | 
                925 total
 » units 
                
                | Acolyte | 11 |  | 
| Ghoul | 4 |  | 
| Crypt Fiend | 6 |  | 
| Abomination | 3 |  | 
| Obsidian Statue | 1 |  | 
                25 total
 » upgrades
                
                | Creature Attack | 3 |  | 
| Creature Carapace | 3 |  | 
| Web | 1 |  | 
| Burrow | 1 |  | 
| Unholy Armor | 3 |  | 
| Unholy Strength | 3 |  | 
| Disease Cloud | 1 |  | 
| Destroyer Form | 1 |  | 
| Cannibalize | 1 |  | 
                17 total
 » buildings
                
                | Ziggurat | 10 |  | 
| Graveyard | 2 |  | 
| Crypt | 1 |  | 
| Altar of Darkness | 1 |  | 
| Tomb of Relics | 1 |  | 
| Nerubian Tower | 1 |  | 
| Spirit Tower | 14 |  | 
| Halls of the Dead | 1 |  | 
| Black Citadel | 1 |  | 
| Slaughterhouse | 2 |  | 
                34 total
 » build order
                00:54 Ziggurat
00:56 Graveyard
00:59 Crypt
01:02 Altar of Darkness
01:18 Ziggurat
01:33 Tomb of Relics
01:47 Nerubian Tower
02:19 Spirit Tower
04:27 Ziggurat
04:31 Ziggurat
07:23 Halls of the Dead
08:57 Ziggurat
08:58 Ziggurat
09:00 Ziggurat
09:38 Ziggurat
09:39 Ziggurat
09:41 Ziggurat
10:13 Black Citadel
10:32 Spirit Tower
10:35 Spirit Tower
10:38 Spirit Tower
11:16 Slaughterhouse
11:23 Slaughterhouse
11:31 Graveyard
15:46 Spirit Tower
15:48 Spirit Tower
15:50 Spirit Tower
15:50 Spirit Tower
16:37 Spirit Tower
16:45 Spirit Tower
16:45 Spirit Tower
16:45 Spirit Tower
» items
                
                | Rod of Necromancy | 2 |  | 
| Orb of Corruption | 2 |  | 
| Scroll of Town Portal | 1 |  | 
                5 total
  
                Chat log
          (00:41 / Allies) sc2no_wc4yes: im gonna tower top and bottom
(00:42 / Allies) sumtincool: like
(00:50 / Allies) sumtincool: like that is a great idea
(00:52 / Allies) LOnk: bats here
(01:00 / Allies) sumtincool: 100/100 wyrms for me
(01:02 / Allies) LOnk: and bloodlust
(01:07 / Allies) sc2no_wc4yes: it will be a hit and run game
(01:15 / Allies) DirtY.DirtY: fiends/necs/stats/and whatever
(01:22 / All) LOnk: D
(03:11 / Allies) sumtincool: pally harrassing?
(03:12 / Allies) sumtincool: teal
(03:14 / Allies) sc2no_wc4yes: later
(03:20 / Allies) sc2no_wc4yes: for now its a resource sttruggele for towers
(03:25 / Allies) sumtincool: duh
(03:34 / Allies) LOnk: mine
(03:36 / Allies) sumtincool: clear all the mines
(03:38 / Allies) LOnk: i dont need a mne
(03:44 / Allies) sumtincool: ill take them all
(03:54 / Allies) sc2no_wc4yes: clear all
(03:55 / Allies) sc2no_wc4yes: ill need one
(04:00 / Allies) LOnk: d
(04:00 / Allies) LOnk: dd
(04:32 / Allies) LOnk: lol
(04:43 / Allies) sc2no_wc4yes: anyone rich?
(04:56 / Allies) sumtincool: not yet
(06:58 / Allies) LOnk: teal
(07:00 / Allies) LOnk: get a mine
(07:07 / Allies) sc2no_wc4yes: $$$$$$$$
(07:23 / Allies) sc2no_wc4yes: r they all ud?
(08:09 / Allies) sc2no_wc4yes: need shreedder and xp
(08:27 / Allies) DirtY.DirtY: lol
(08:31 / Allies) DirtY.DirtY: got yellow
(08:32 / Allies) sc2no_wc4yes: we will obv. be facing wyrms
(08:34 / Allies) sc2no_wc4yes: and meat wagons
(08:44 / Allies) sc2no_wc4yes: unless htey are geniuses and decide to sepp it 
(08:45 / Allies) sumtincool: i doubt wagons lol
(08:46 / Allies) sc2no_wc4yes: or go pure air
(08:50 / All) LOnk: D
(08:50 / All) LOnk: D
(09:23 / Allies) sumtincool: send me spare wood
(10:03 / Allies) DirtY.DirtY: dl/fiends
(10:12 / Allies) sumtincool: thats nice
(10:20 / Allies) sc2no_wc4yes: srry to be lame but i need 3 bad
(10:22 / All) DUKE-OF-D00M: yeah
(10:36 / Allies) DirtY.DirtY: wyrms for pink
(10:47 / Allies) DirtY.DirtY: shoudl i just mass gargs
(10:50 / Allies) sumtincool: yea
(10:54 / Allies) sumtincool: would be a good idea
(10:58 / Allies) DirtY.DirtY: k
(11:01 / Allies) sumtincool: creep this with gargs
(11:17 / Allies) sc2no_wc4yes: they got thru?
(11:19 / Allies) sc2no_wc4yes: or imageS?
(11:26 / Allies) sumtincool: zeppelin maybe
(11:35 / Allies) sumtincool: images
(12:57 / Allies) DirtY.DirtY: any spare $$$
(14:30 / Allies) sumtincool: this should be interesting
(14:37 / Allies) sumtincool: i bet they all 4 go wyrms
(14:42 / Allies) DirtY.DirtY: not blue
(14:43 / Allies) sc2no_wc4yes: wood?
(14:47 / All) DUKE-OF-D00M: blue
(14:49 / All) DUKE-OF-D00M: teal
(14:51 / Allies) DirtY.DirtY: for gold
(14:52 / All) sc2no_wc4yes: ?
(14:54 / All) DUKE-OF-D00M: teal u think your pro like mugaro?
(14:58 / All) DUKE-OF-D00M: cuz u know how to idle hero
(15:00 / All) sc2no_wc4yes: lol
(15:04 / All) sc2no_wc4yes: i did this tower strat
(15:07 / All) DUKE-OF-D00M: your just a dumb nigger
(15:07 / All) sc2no_wc4yes: bnefore i knew who that was
(15:08 / All) sc2no_wc4yes: calm down
(15:14 / All) DUKE-OF-D00M: u lie
(15:32 / All) DUKE-OF-D00M: omg lol
(15:34 / All) DUKE-OF-D00M: no web red
(15:51 / Allies) sc2no_wc4yes: dotn feed them
(15:58 / Allies) LOnk: sry
(16:15 / Allies) sc2no_wc4yes: also dont go 100 food unless ur gona tear shit up
(16:18 / Allies) sc2no_wc4yes: or ur jsut losing more in upkeep
(16:22 / Allies) sumtincool: like me
(16:49 / Allies) sumtincool: gargs need to kill golems
(17:23 / Allies) DirtY.DirtY: gold/
(17:45 / Allies) sumtincool: expand green
(17:47 / Allies) sumtincool: please
(17:53 / Allies) DirtY.DirtY: i will
(17:56 / Allies) DirtY.DirtY: now
(18:01 / Allies) sumtincool: both of them too
(18:06 / Allies) sumtincool: just in cased
(19:02 / Allies) sc2no_wc4yes: TP FAST
(19:05 / Allies) sc2no_wc4yes: TOWERS WONT HOLD ALONE
(19:10 / Allies) sc2no_wc4yes: fucking noobs
(19:11 / Allies) sc2no_wc4yes: wow
(19:11 / Allies) sc2no_wc4yes: gg
(19:13 / Allies) sc2no_wc4yes: uy just fed win
(19:14 / Allies) sc2no_wc4yes: :)
(19:16 / Allies) sc2no_wc4yes: :)
(19:19 / Allies) sc2no_wc4yes: ty
(19:20 / Allies) sc2no_wc4yes: ud
(19:25 / Allies) sc2no_wc4yes: attack
(19:26 / Allies) sc2no_wc4yes: fight
(19:28 / Allies) sc2no_wc4yes: keep them off towers
(19:29 / Allies) sc2no_wc4yes: and we win this battle
(19:36 / All) sc2no_wc4yes: lazy player
(19:39 / All) sc2no_wc4yes: attack mvoe and qq
(19:40 / All) sc2no_wc4yes: lazy mode
(20:14 / All) DUKE-OF-D00M: annoying
(20:17 / All) sc2no_wc4yes: bg
(20:19 / All) sc2no_wc4yes: no challenge
(20:20 / All) sc2no_wc4yes: noob shit talker